 Dungeon Crawl Stone Soup version 0.28.0-49-g6dfe1f597d (webtiles) character file.

Game seed: 1751788802348678007

9181 Zeld the Blocker (level 11, -13/103 HPs)
             Began as a Deep Dwarf Fighter on May 11, 2022.
             Was a Priest of Makhleb.
             Mangled by a cyclops (16 damage)
             ... on level 11 of the Dungeon.
             The game lasted 00:14:20 (8535 turns).

Zeld the Blocker (Deep Dwarf Fighter)               Turns: 8535, Time: 00:14:21

Health: -13/103    AC: 11    Str: 24    XL:     11   Next: 19%
Magic:  4/4        EV: 13    Int: 13    God:    Makhleb [***...]
Gold:   710        SH:  7    Dex: 16    Spells: 10/10 levels left

rFire   . . .      SeeInvis .   a - +7 war axe "Uhuklano" {protect, Will+ Int+4 Dex+4}
rCold   . . .      Faith    .   q - +0 buckler
rNeg    . . .      Spirit   .   b - +0 scale mail
rPois   .          Reflect  .   t - +0 helmet
rElec   .          Harm     .   C - +0 cloak
rCorr   .          Rampage  .   H - +0 pair of gloves
Will    +....                   (no boots)
Stlth   ..........              (no amulet)
HPRegen 0.00/turn               (no ring)
MPRegen 0.09/turn               (no ring)

@: weak-willed, slowed, very slow
A: damage resistance, heal wounds, sense surroundings 2, no regeneration
a: Heal Wounds, Renounce Religion, Minor Destruction, Lesser Servant of Makhleb


You were on level 11 of the Dungeon.
You worshipped Makhleb.
Makhleb was most pleased with you.
You visited 2 branches of the dungeon, and saw 13 of its levels.

You collected 710 gold pieces.

Inventory:

Hand Weapons
 a - the +7 war axe "Uhuklano" (weapon) {protect, Will+ Int+4 Dex+4}
   (You found it on level 8 of the Dungeon)

   It grants its wielder temporary protection when it strikes (+7 to AC).
   Int:       It affects your intelligence (+4).
   Dex:       It affects your dexterity (+4).
   Will:      It increases your willpower.
Armour
 b - a +0 scale mail (worn)
 q - a +0 buckler (worn)
 t - a +0 helmet (worn)
 C - a +0 cloak (worn)
 H - a +0 pair of gloves (worn)
Wands
 u - a wand of digging (5)
 B - a wand of iceblast (6)
 D - a wand of flame (26)
 E - a wand of polymorph (4)
 G - a wand of charming (16)
 J - a wand of paralysis (3)
Scrolls
 c - 2 scrolls of teleportation {unknown}
 e - 2 scrolls of vulnerability {unknown}
 f - 2 scrolls of magic mapping {unknown}
 g - 9 scrolls of identify {unknown}
 h - 2 scrolls of holy word {unknown}
 j - a scroll of fear {unknown}
 o - 2 scrolls of summoning {unknown}
 p - a scroll of noise {unknown}
 s - a scroll of fog {unknown}
 w - 3 scrolls of enchant armour {unknown}
 x - 2 scrolls of torment {unknown}
 y - a scroll of immolation {unknown}
 A - a scroll of blinking {unknown}
 F - a scroll of brand weapon {unknown}
 I - 3 scrolls of amnesia {unknown}
Potions
 d - 2 potions of might
 i - 2 potions of heal wounds {unknown}
 k - 3 potions of invisibility {unknown}
 l - 3 potions of degeneration {unknown}
 m - a potion of attraction {unknown}
 n - 8 potions of curing {unknown}
 r - a potion of cancellation {unknown}
 v - a potion of mutation {unknown}
 z - 4 potions of haste {unknown}


   Skills:
 * Level 7.9 Fighting
 * Level 9.1 Axes
 + Level 7.2 Armour
 + Level 6.0 Dodging
 * Level 9.5 Shields
 + Level 6.2 Invocations
 + Level 6.2 Evocations


You had 10 spell levels left.
You didn't know any spells.
Your spell library was empty.

Dungeon Overview and Level Annotations

Branches:
Dungeon (12/15)            Temple (1/1) D:4            Lair (0/6) D:10
    Orc (0/2) D:12

Altars:
Ashenzari
Cheibriados
Dithmenos
Elyvilon
Fedhas
Gozag
Hepliaklqana
Kikubaaqudgha
Makhleb
Nemelex Xobeh
Okawaru
Qazlal
Ru
Sif Muna
Trog
Uskayaw
Vehumet
Wu Jian
Xom
Yredelemnul
Zin
The Shining One


Innate Abilities, Weirdness & Mutations

You are resistant to damage.
You can heal yourself by infusing magical energy.
You passively map the area around you.
You do not regenerate.


Message History

The wraith hits you! The wraith drains your vigour!
You feel as though you will be slow longer.
Your orange demon stings the wraith.
Your orange demon hits the wraith.
The wraith looks weaker.
You block the cyclops's attack.
The tengu warrior hits you with a +0 great mace.
The tengu warrior pecks you but does no damage.
The tengu warrior claws you but does no damage.
The sphinx mumbles some strange words.
Something smites you!
* * * LOW HITPOINT WARNING * * *
The wraith hits you!
* * * LOW HITPOINT WARNING * * *
The wraith drains your vigour!
You feel as though you will be slow longer.
The phantasmal warrior hits you.
* * * LOW HITPOINT WARNING * * *
The slime creature hits you.
* * * LOW HITPOINT WARNING * * *
The wraith closely misses you.
Your orange demon stings the wraith but does no damage.
Your orange demon hits the wraith!
Unknown command.
Unknown command.
You feel much better.
The tengu warrior hits you with a +0 great mace!
* * * LOW HITPOINT WARNING * * *
The tengu warrior pecks you but does no damage.
You block the tengu warrior's attack.
The cyclops hits you but does no damage.
The slime creature completely misses you.
The phantasmal warrior closely misses you.
The wraith barely misses you. The wraith misses you.
Your orange demon misses the wraith.
Your orange demon hits the wraith.
The tengu warrior hits you with a +0 great mace!!
* * * LOW HITPOINT WARNING * * *
The tengu warrior pecks you.
* * * LOW HITPOINT WARNING * * *
The tengu warrior claws you but does no damage.
The cyclops hits you!!
You die...

,* , * * ,, ,
*,* , * ... , *
, ⌠,, , #.#, ,,
* , . , ..#, # ,
, , ..###,#.# .#
* ,...##o.#.# *
* HH#u#.# ,, ,*
, * ,,*#QCW#, *
* , #@# ,, , ,,
...⌠..WJW4..8# *
,
*##..###.#...(.$
* , # *
...#..#.. * *
#.#,#.# * *,
*#..* ## ,* , *
#.# *, , , ,
..#,* , * , , *
*


You could see a sphinx, a green ugly thing, a slime creature, a tengu warrior
(ally target), a manticore, a cyclops, a phantasmal warrior, 2 wraiths, an orc
and a friendly orange demon (summoned).

Vanquished Creatures
  A centaur warrior (D:9)
  3 two-headed ogres
  2 gargoyles
  2 trolls
  2 wraiths (D:11)
  4 yaks
  Edmund (D:4)
  3 water moccasins
  3 orc warriors
  A black bear (D:5)
  An ogre (D:5)
  3 phantoms
  5 centaurs
  5 bullfrogs
  2 gnoll sergeants (D:8)
  A wyvern zombie (D:9)
  A water moccasin zombie (D:7)
  A wyvern skeleton (D:6)
  A water moccasin skeleton (D:6)
  8 killer bees
  7 wights
  6 howler monkeys
  4 centaur zombies
  4 hounds
  A jelly (D:4)
  3 orc priests
  Crazy Yiuf (D:6)
  A bullfrog skeleton (D:6)
  A centaur skeleton (D:6)
  Ijyb (D:3)
  2 iguanas
  5 orc wizards
  A killer bee zombie (D:7)
  A hound zombie (D:5)
  3 howler monkey zombies
  6 gnolls (D:8)
  7 adders
  2 white imps
  2 ufetubi
  3 worms
  4 dart slugs
  22 orcs
  13 ball pythons
  6 endoplasms
  2 giant cockroaches
  10 goblins
  4 hobgoblins
  3 jackals (D:1)
  4 quokkas
  9 bats
  2 frilled lizards
  7 kobolds
  6 rats
203 creatures vanquished.

Vanquished Creatures (collateral kills)
  A gargoyle (D:11)
  A wraith (D:11)
2 creatures vanquished.

Vanquished Creatures (others)
  A death knight (D:11)
  An orc wizard (D:11)
2 creatures vanquished.

Grand Total: 207 creatures vanquished

Notes
Turn   | Place    | Note
-------+----------+-------------------------------------------
     0 | D:1      | Zeld the Deep Dwarf Fighter began the quest for the Orb.
     0 | D:1      | Reached XP level 1. HP: 20/20 MP: 1/1
   178 | D:1      | Reached XP level 2. HP: 17/27 MP: 2/2
   624 | D:1      | Found a faded altar of an unknown god.
   698 | D:1      | Reached XP level 3. HP: 32/34 MP: 3/3
  1015 | D:2      | Reached skill level 1 in Dodging
  1124 | D:2      | Reached XP level 4. HP: 33/42 MP: 4/4
  1543 | D:3      | Found a shadowy altar of Dithmenos.
  1543 | D:3      | Found an opulent altar of Gozag.
  1551 | D:3      | Found a blossoming altar of Fedhas.
  1554 | D:3      | Found an ancient bone altar of Kikubaaqudgha.
  1560 | D:3      | Found a hazy altar of Hepliaklqana.
  1566 | D:3      | Found a hide-covered altar of Uskayaw.
  1714 | D:3      | Noticed Ijyb
  1724 | D:3      | Paralysed by Ijyb for 6 turns
  1726 | D:3      | Noticed a bullfrog
  1732 | D:3      | Paralysed by Ijyb for 3 turns
  1740 | D:3      | Paralysed by Ijyb for 4 turns
  1747 | D:3      | Killed a bullfrog
  1748 | D:3      | Reached XP level 5. HP: 25/49 MP: 5/5
  1755 | D:3      | Killed Ijyb
  1894 | D:3      | Noticed a centaur
  1917 | D:3      | Killed a centaur
  1955 | D:3      | Reached XP level 6. HP: 51/57 MP: 6/6
  2491 | D:4      | Noticed Edmund
  2534 | D:4      | Killed Edmund
  2535 | D:4      | Reached skill level 5 in Shields
  2756 | D:4      | Found a staircase to the Ecumenical Temple.
  2779 | Temple   | Entered the Ecumenical Temple
  2856 | Temple   | Became a worshipper of Makhleb the Destroyer
  3040 | D:5      | Entered Level 5 of the Dungeon
  3068 | D:5      | Noticed a water moccasin
  3090 | D:5      | Reached XP level 7. HP: 49/64 MP: 5/5
  3716 | D:5      | Reached skill level 5 in Axes
  4407 | D:6      | Noticed a yak
  4411 | D:6      | Reached skill level 1 in Invocations
  4411 | D:6      | Reached skill level 1 in Evocations
  4426 | D:6      | Reached XP level 8. HP: 58/73 MP: 6/6
  4427 | D:6      | Reached skill level 5 in Fighting
  4451 | D:5      | Reached skill level 5 in Armour
  4904 | D:6      | Reached * piety under Makhleb
  5409 | D:6      | Found a runed translucent door.
  5410 | D:6      | Noticed Crazy Yiuf
  5419 | D:6      | Killed Crazy Yiuf
  5727 | D:7      | Gained mutation: You passively map the area around you.
                  | [Deep Dwarf growth]
  5727 | D:7      | Reached XP level 9. HP: 54/82 MP: 8/8
  6514 | D:8      | Found a bloodstained altar of Trog.
  6590 | D:8      | Reached ** piety under Makhleb
  6672 | D:8      | Identified the +7 war axe "Uhuklano" {protect, Will+ Int+4
                  | Dex+4}
  7000 | D:9      | Noticed a two-headed ogre
  7019 | D:8      | Killed a two-headed ogre
  7020 | D:8      | Reached skill level 5 in Dodging
  7020 | D:8      | Reached XP level 10. HP: 55/92 MP: 9/9
  7327 | D:9      | Noticed a two-headed ogre
  7330 | D:9      | Noticed a centaur warrior
  7338 | D:9      | Killed a two-headed ogre
  7341 | D:9      | Reached skill level 5 in Invocations
  7341 | D:9      | Reached skill level 5 in Evocations
  7348 | D:9      | Killed a centaur warrior
  7668 | D:9      | Reached *** piety under Makhleb
  7679 | D:9      | Noticed a green ugly thing
  7795 | D:10     | Entered Level 10 of the Dungeon
  7804 | D:10     | Found a staircase to the Lair.
  8319 | D:10     | You fall into a shaft and drop 1 floor!
  8319 | D:11     | Noticed a gargoyle
  8338 | D:11     | Killed a gargoyle
  8355 | D:11     | Noticed a death knight
  8355 | D:11     | Noticed a two-headed ogre
  8373 | D:11     | Killed a two-headed ogre
  8374 | D:11     | Reached XP level 11. HP: 38/102 MP: 8/8
  8376 | D:11     | Noticed a boulder beetle
  8491 | D:12     | Found a staircase to the Orcish Mines.
  8520 | D:11     | Noticed a tengu warrior
  8520 | D:11     | Noticed a sphinx
  8520 | D:11     | Noticed a phantasmal warrior
  8523 | D:11     | HP: 3/103 [slime creature (6)]
  8527 | D:11     | Noticed a green ugly thing
  8533 | D:11     | Noticed a two-headed ogre
  8535 | D:11     | HP: 3/103 [tengu warrior/+0 great mace (3)]
  8535 | D:11     | Mangled by a cyclops

Illustrated notes

Levels and vault maps discovered:
D:1:      nicolae_arrival_washed_ashore, layout_loops_cross,
          hellmonk_ecumenical_altar_zigzags, hangedman_decor_peaks_small,
          minmay_unequal
D:2:      layout_loops_ring
D:3:      layout_loops_cross, nicolae_overflow_hallway_of_the_gods,
          grunt_decor_arrowhead, minmay_snake_closets, uniq_ijyb
D:4:      layout_rooms, minmay_temple_entry_glass, nicolae_figureground_sparkle,
          uniq_edmund
D:5:      layout_basic, serial_rivers, chequers_serial_rivers_small_b,
          chequers_serial_rivers_large_a, chequers_serial_rivers_large_b,
          chequers_serial_rivers_room_a, minmay_crystal_room, interstate_on_off,
          chequers_serial_rivers_small_3, kennysheep_dice
D:6:      nicolae_cairo_tiling_large_dashed, layout_gridville,
          hangedman_minor_gate_pass, uniq_crazy_yiuf_cottage
D:7:      layout_basic, lemuel_flamethrower_2
D:8:      layout_rooms, trog_three_pillars_becter
D:9:      layout_basic, lightli_corner_chamber
D:10:     layout_roguey, lair_entry_dummy
D:11:     minmay_complete_graph, layout_rooms, uniq_josephine, uniq_maurice
D:12:     layout_roguey, orc_0_dummy, minmay_misc_feat_encased
Temple:   regret_index_temple_waves

Skill      XL: |  1  2  3  4  5  6  7  8  9 10 11 |
---------------+----------------------------------+-----
Fighting       | 3 4 5 6 7 |  7.9
Dodging        | 1 2 3 4 5 6 |  6.0
Axes           | 3 4 5 6 7 8 9 |  9.1
Shields        | 4 5 6 8 9 |  9.5
Armour         | 4 5 6 7 |  7.2
Invocations    | 1 3 4 6 |  6.2
Evocations     | 1 3 4 6 |  6.2

Action                   |  1- 3 |  4- 6 |  7- 9 | 10-12 || total
-------------------------+-------+-------+-------+-------++-------
Melee: War axe           |   106 |   232 |   258 |   134 ||   730
       Battleaxe         |       |       |    56 |       ||    56
Invok: Lesser Servant of |       |       |       |     1 ||     1
 Abil: Heal Wounds       |     1 |     8 |    20 |    24 ||    53
Evoke: Wand              |       |       |       |     1 ||     1
  Use: Potion            |       |       |       |     1 ||     1
Armor: Scale mail        |    64 |   154 |   162 |   166 ||   546
Dodge: Dodged            |    62 |   152 |   236 |   151 ||   601
Block: Buckler           |    42 |    75 |    93 |    94 ||   304
